 Dungeon Crawl Stone Soup version 0.25-a0-510-ge065f6de7d (webtiles) character file.

Game seed: 11017091044278147199, levelgen mode: deterministic

8591 Kohma the Fighter (level 11, -18/90 HPs)
             Began as a Pale Draconian Ice Elementalist on Feb 15, 2020.
             Was a Priest of Ru.
             Demolished by a spiny frog (23 damage)
             ... on level 1 of the Lair of Beasts.
             The game lasted 00:31:37 (10466 turns).

Kohma the Fighter (DrIE)                           Turns: 10466, Time: 00:31:37

Health: -18/90     AC: 10    Str: 11    XL:     11   Next: 11%
Magic:  9/17       EV: 12    Int: 19    God:    Ru [***...]
Gold:   171        SH:  0    Dex: 11    Spells: 4/18 levels left

rFire    . . .     SeeInvis .   K - +2 dagger (venom)
rCold    . . .     Gourm    .   (no shield)
rNeg     . . .     Faith    .   (armour unavailable)
rPois    .         Spirit   .   (helmet restricted)
rElec    .         Reflect  .   (no cloak)
rCorr    +         Harm     .   D - +0 pair of gloves (curse)
MR       +....                  B - +1 pair of boots
Stlth    ++........             i - amulet of the acrobat
HPRegen  0.25/turn              C - ring of resist corrosion
MPRegen  0.15/turn              J - ring of protection from magic

@: lethally poisoned (-18 -> -28), exhausted, frozen ramparts, very slightly
contaminated, lightly drained
A: breathe steam, unfitting armour, frail 1, cold-blooded, inexperienced 1, AC
+7
a: Breathe Steam, Draw Out Power, Renounce Religion


You were on level 1 of the Lair of Beasts.
You worshipped Ru.
Ru was most pleased with you.
You were hungry.

You visited 3 branches of the dungeon, and saw 10 of its levels.
You also visited: Sewer.

You collected 306 gold pieces.
You spent 135 gold pieces at shops.

Inventory:

Hand Weapons
 c - a +3 dagger of freezing
 H - a +0 long sword
 K - a +2 dagger of venom (weapon)
Missiles
 f - 16 poisoned darts (quivered)
Armour
 B - a +1 pair of boots (worn)
 D - a cursed +0 pair of gloves (worn)
Jewellery
 g - an uncursed ring of flight
 i - an amulet of the acrobat (around neck)
 t - a +3 amulet of reflection {unknown}
 C - a ring of resist corrosion (left hand)
 J - a ring of protection from magic (right hand)
Wands
 a - a wand of disintegration (8)
 n - a wand of flame (26)
 o - a wand of polymorph (2)
 y - a wand of iceblast (4)
 F - a wand of scattershot (3)
Scrolls
 k - 3 scrolls of teleportation
 l - 6 scrolls of remove curse
 p - a scroll of amnesia {unknown}
 r - a scroll of enchant weapon
 A - a scroll of fear
 E - a scroll of enchant armour
 G - 2 scrolls of vulnerability
 L - a scroll of brand weapon {unknown}
Potions
 e - a potion of lignification {unknown}
 h - 2 potions of haste {unknown}
 j - 5 potions of curing
 m - 2 potions of mutation {unknown}
 q - a potion of ambrosia {unknown}
 s - 3 potions of brilliance {unknown}
 u - 2 potions of magic {unknown}
 v - a potion of cancellation {unknown}
 w - 3 potions of flight {unknown}
 x - 3 potions of degeneration {unknown}
 z - a potion of invisibility {unknown}
 I - a potion of resistance {unknown}
Miscellaneous
 d - a box of beasts
Comestibles
 b - 7 rations
 M - 4 chunks of flesh


   Skills:
 + Level 10.3(9.9) Fighting
 - Level 6.6(7.5) Short Blades
 + Level 6.5(7.5) Long Blades
 - Level 1.7(1.4) Dodging
 - Level 1.7(1.4) Stealth
 - Level 4.0(3.6) Spellcasting
 - Level 2.0(1.6) Charms
 - Level 3.0(2.7) Summonings
 - Level 8.0(7.6) Ice Magic
 - Level 7.0(6.6) Air Magic


You had 4 spell levels left.
You knew the following spells:

 Your Spells              Type           Power        Failure   Level  Hunger
a - Freeze                Ice            ####         1%          1    None
b - Frozen Ramparts       Ice            ####..       1%          3    ###....
c - Summon Ice Beast      Ice/Summ       ###.....     17%         4    ####...
d - Swiftness             Chrm/Air       ###.....     3%          2    ##.....
e - Airstrike             Air            ####......   9%          4    ####...

Your spell library contained the following spells:

 Spells                   Type           Power        Failure   Level  Hunger
 Shock                    Conj/Air       ###.         3%          1    None
 Ozocubu's Armour         Chrm/Ice       ###.....     6%          3    ###....
 Static Discharge         Conj/Air       ###.....     11%         3    ###....
 Beastly Appendage        Tmut           #.....       14%         1    None
 Sandblast                Erth           #.....       14%         1    None
 Passwall                 Tmut/Erth      #.......     22%         2    ##.....
 Sticks to Snakes         Tmut           #.......     22%         2    ##.....
 Hailstorm                Conj/Ice       ###.....     30%         4    ####...
 Ice Form                 Ice/Tmut       ###.....     30%         4    ####...
 Spider Form              Tmut/Pois      #.........   41%         3    ###....
 Stone Arrow              Conj/Erth      #.....       41%         3    ###....
 Petrify                  Tmut/Erth      #.......     82%         4    ####...
 Lightning Bolt           Conj/Air       ###.......   69%         5    ######.
 Blade Hands              Tmut           #.........   99%         5    ######.
 Lee's Rapid Deconstruct  Erth           #.........   99%         5    ######.


Dungeon Overview and Level Annotations

Branches:
Dungeon (8/15)             Temple (1/1) D:4            Lair (1/6) D:8
  Sewer (visited)

Altars:
Ashenzari
Cheibriados
Dithmenos
Elyvilon
Fedhas
Gozag
Hepliaklqana
Kikubaaqudgha
Makhleb
Nemelex Xobeh
Okawaru
Qazlal
Ru
Sif Muna
Trog
Uskayaw
Vehumet
Wu Jian
Xom
Yredelemnul
Zin
The Shining One

Shops:
D:6 [


Innate Abilities, Weirdness & Mutations

You can breathe blasts of scalding, opaque steam.
Your pale cyan-grey scales are hard. (AC +7)
You cannot fit into any form of body armour.
You are frail. (-10% HP)
You are cold-blooded and may be slowed by cold attacks.
You are somewhat inexperienced. (-2 XL)


Message History

The spiny frog is almost dead.
* * * LOW HITPOINT WARNING * * *
You feel sick.
The walls release a blast of icicles at the spiny frog!
The spiny frog closely misses you.
You closely miss the spiny frog.
You tail-slap the spiny frog, but do no damage.
The spiny frog is almost dead.
* * * LOW HITPOINT WARNING * * *
You feel sick.
The spiny frog is no longer encased in ice.
It was a potion of curing.
You feel better.
The walls release a blast of icicles at the spiny frog!
The spiny frog is encased in ice.
The spiny frog stings you.
* * * LOW HITPOINT WARNING * * *
You are lethally poisoned!
The spiny frog poisons you!
The walls release a blast of icicles at the spiny frog!
The spiny frog stings you!!
You die...

#..................
##............#.#...
##.........### ..#
###.......### ..#
#...........## ..#
#.............###..#
...................##
....................#
...............F@..##
.............PP##...#
#.............## ..##
##............# .##
##P...........## ##
#P.............##
#...............#
................#
...............## ###


You could see a spiny frog.

Vanquished Creatures
  An oklob plant (Lair:1)
  An elephant (Lair:1)
  A black mamba (Lair:1)
  3 spiny frogs (Lair:1)
  3 komodo dragons (Lair:1)
  A blink frog (Lair:1)
  3 hippogriffs
  A dream sheep (Lair:1)
  5 yaks (Lair:1)
  3 wargs (D:8)
  3 water moccasins
  Purgy (Sewer)
  2 orc warriors (D:8)
  An eye of draining (D:8)
  3 ogres
  5 centaurs
  2 crocodiles (Lair:1)
  2 big kobolds
  3 bullfrogs
  2 gnoll sergeants
  A water moccasin skeleton (D:7)
  An electric eel (Lair:1)
  2 crimson imps
  2 howler monkeys
  A centaur zombie (D:5)
  3 hounds
  2 orc priests (D:8)
  A jelly (D:8)
  A gnoll shaman (D:7)
  2 orc wizards (D:8)
  2 bullfrog skeletons
  Jessica (D:2)
  Terence (D:2)
  7 worker ants
  A hound zombie (D:8)
  A hound skeleton (D:4)
  10 adders
  13 gnolls
  3 shadow imps
  An ooze (D:5)
  7 worms
  2 dart slugs
  5 leopard geckos
  16 orcs
  7 giant cockroaches
  9 goblins
  8 hobgoblins
  12 jackals
  16 kobolds
  2 quokkas
  3 ball pythons
  5 bats (D:1)
  5 frilled lizards
  4 rats
203 creatures vanquished.

Vanquished Creatures (collateral kills)
  2 oklob plants (Lair:1)
  A spiny frog (Lair:1)
  5 yaks (Lair:1)
  A crocodile (Lair:1)
  A bullfrog (D:8)
  A plant (Lair:1)
11 creatures vanquished.

Vanquished Creatures (others)
  An orc wizard (D:8)
  A worker ant (D:4)
  A kobold (D:8)
  2 fungi (Lair:1)
  22 plants
27 creatures vanquished.

Grand Total: 241 creatures vanquished

Notes
Turn   | Place    | Note
-------+----------+-------------------------------------------
     0 | D:1      | Kohma the Draconian Ice Elementalist began the quest for
                  | the Orb.
     0 | D:1      | Reached XP level 1. HP: 14/14 MP: 3/3
   265 | D:1      | Reached XP level 2. HP: 22/22 MP: 0/5
   368 | D:1      | Reached skill level 1 in Fighting
   479 | D:1      | Reached XP level 3. HP: 14/28 MP: 1/6
   696 | D:1      | Learned a level 3 spell: Frozen Ramparts
  1256 | D:2      | Noticed Jessica
  1269 | D:2      | Killed Jessica
  1269 | D:2      | Reached skill level 1 in Short Blades
  1269 | D:2      | Reached XP level 4. HP: 23/36 MP: 2/7
  1416 | D:2      | Noticed Terence
  1441 | D:2      | Killed Terence
  1441 | D:2      | Reached skill level 2 in Fighting
  1441 | D:2      | Reached skill level 5 in Ice Magic
  1638 | D:2      | Found a sacrificial altar of Ru.
  1665 | D:2      | Became a worshipper of Ru the Awakened
  1787 | D:2      | Reached XP level 5. HP: 41/41 MP: 5/9
  2605 | D:3      | Found an ancient bone altar of Kikubaaqudgha.
  2820 | D:3      | Gained mutation: You are somewhat inexperienced. (-2 XL)
                  | [Ru sacrifice]
  2820 | D:3      | Reached XP level 4. HP: 37/37 MP: 8/8
  2820 | D:3      | Reached XP level 3. HP: 30/30 MP: 7/7
  2820 | D:3      | Reached * piety under Ru
  2820 | D:3      | Reached ** piety under Ru
  2851 | D:3      | Found a shimmering blue altar of Sif Muna.
  3262 | D:4      | Noticed a hippogriff
  3263 | D:4      | Noticed an ogre
  3287 | D:4      | Reached XP level 4. HP: 8/37 MP: 3/8
  3342 | D:4      | Killed a hippogriff
  3342 | D:4      | Reached skill level 3 in Fighting
  3342 | D:4      | Reached XP level 5. HP: 18/45 MP: 0/10
  3559 | D:4      | Reached XP level 6. HP: 49/51 MP: 7/11
  3566 | D:4      | Found a staircase to the Ecumenical Temple.
  3601 | Temple   | Entered the Ecumenical Temple
  4058 | D:5      | Entered Level 5 of the Dungeon
  4221 | D:5      | Found a glowing drain.
  4246 | Sewer    | Entered a sewer
  4306 | Sewer    | Your scales start taking on a pale cyan-grey colour.
  4306 | Sewer    | Reached XP level 7. HP: 57/57 MP: 12/12
  4388 | Sewer    | Noticed Purgy
  4393 | Sewer    | Killed Purgy
  4623 | D:5      | Reached skill level 4 in Fighting
  4721 | D:5      | Found a glowing silver altar of Zin.
  4878 | D:5      | Learned a level 4 spell: Summon Ice Beast
  4972 | D:6      | Found Heuboc's Antique Armour Emporium.
  4980 | D:6      | Bought a pair of gloves for 135 gold pieces
  5183 | D:6      | Found a glowing golden altar of the Shining One.
  5286 | D:6      | Found a hide-covered altar of Uskayaw.
  5389 | D:6      | Reached skill level 1 in Summonings
  5409 | D:6      | Gained mutation: You are frail. (-10% HP) [Ru sacrifice]
  5409 | D:6      | Reached *** piety under Ru
  5687 | D:6      | Found a bloodstained altar of Trog.
  5761 | D:7      | Reached XP level 8. HP: 41/60 MP: 3/14
  5950 | D:7      | Learned a level 2 spell: Swiftness
  5955 | D:7      | Learned a level 4 spell: Airstrike
  5969 | D:7      | Found an iron altar of Okawaru.
  6049 | D:7      | Reached skill level 5 in Fighting
  6135 | D:7      | Reached skill level 1 in Charms
  6135 | D:7      | Reached skill level 1 in Air Magic
  6609 | D:8      | Reached skill level 5 in Short Blades
  6802 | D:8      | Reached skill level 6 in Fighting
  6802 | D:8      | Reached XP level 9. HP: 60/67 MP: 6/15
  7067 | D:8      | Found a blossoming altar of Fedhas.
  7180 | D:8      | Found a staircase to the Lair.
  7268 | D:8      | Reached skill level 7 in Fighting
  7288 | D:8      | Reached skill level 5 in Air Magic
  7802 | D:8      | Reached skill level 1 in Long Blades
  8115 | Lair:1   | Entered Level 1 of the Lair of Beasts
  8143 | Lair:1   | Noticed a spiny frog
  8153 | Lair:1   | Killed a spiny frog
  8153 | Lair:1   | Reached skill level 8 in Fighting
  8161 | Lair:1   | Reached XP level 10. HP: 37/79 MP: 7/16
  8358 | Lair:1   | Noticed a spiny frog
  8376 | Lair:1   | Killed a spiny frog
  8501 | Lair:1   | Reached skill level 9 in Fighting
  8756 | Lair:1   | Noticed an oklob plant
  8756 | Lair:1   | Noticed an oklob plant
  8756 | Lair:1   | Noticed an oklob plant
  8792 | Lair:1   | Reached skill level 5 in Long Blades
  8949 | Lair:1   | Killed an oklob plant
  8999 | Lair:1   | Killed an oklob plant
  9043 | Lair:1   | Killed an oklob plant
  9273 | Lair:1   | Noticed a spiny frog
  9299 | Lair:1   | Killed a spiny frog
  9650 | Lair:1   | Noticed a black mamba
  9669 | Lair:1   | Killed a black mamba
  9957 | Lair:1   | Noticed a spiny frog
  9969 | Lair:1   | Killed a spiny frog
  9969 | Lair:1   | Reached skill level 10 in Fighting
  9969 | Lair:1   | Reached XP level 11. HP: 60/89 MP: 7/17
 10465 | Lair:1   | HP: 3/90 [poisoned by a spiny frog]
 10466 | Lair:1   | Demolished by a spiny frog

Levels and vault maps discovered:
D:1:      tarquinn_simple_flora_water_c, layout_loops_ring
D:2:      layout_loops_cross, nicolae_ru_path_of_blood, first_ration,
          uniq_jessica, uniq_terence
D:3:      layout_basic, led_sif_pool, overflow_temple_1_default
D:4:      layout_rooms, minmay_temple_entry_antechambers,
          kennysheep_big_empty_room, chequers_serial_rivers_micro_b
D:5:      layout_cave_pools, zin_treasury, cheibrodos_sewer_entry_bend
D:6:      layout_loops_ring, lightli_temple_of_fire,
          lemuel_coloured_pillars_altar, serial_shops, nicolae_shop_trees,
          basic_altar, abandoned_shop, minivault_24
D:7:      layout_cave_pools, lemuel_doored_altar
D:8:      layout_loops_cross, fedhas_altar_fruit_tree, erik_lair_orcish_takeover
Temple:   zaba_magenta_temple
Lair:1:   layout_gridlike, wad_woods_river_01, minmay_lair_oklob_chamber

Skill      XL: |  1  2  3  4  5  6  7  8  9 10 |
---------------+-------------------------------+-----
Fighting       | 1 3 4 6 8 10 | 10.3
Short Blades   | 1 2 3 4 5 6 |  6.6
Ice Magic      | 6 7 8 |  8.0
Spellcasting   | 3 4 |  4.0
Summonings     | 1 2 3 |  3.0
Charms         | 2 |  2.0
Air Magic      | 3 5 7 |  7.0
Long Blades    | 3 6 |  6.5
Dodging        | |  1.7
Stealth        | |  1.7

Action                   |  1- 3 |  4- 6 |  7- 9 | 10-12 || total
-------------------------+-------+-------+-------+-------++-------
Melee: Club              |    17 |       |       |       ||    17
       Unarmed           |     7 |       |       |       ||     7
       Tailslap          |     6 |     6 |    17 |     8 ||    37
       Dagger            |    38 |    78 |   181 |    60 ||   357
Throw: Dart              |       |     9 |     6 |       ||    15
 Cast: Freeze            |    29 |     7 |    35 |     2 ||    73
       Frozen Ramparts   |     7 |    29 |    59 |    33 ||   128
       Summon Ice Beast  |       |       |     2 |    17 ||    19
Invok: Sacrifice Experie |     1 |       |       |       ||     1
       Sacrifice Health  |       |       |     1 |       ||     1
       Draw Out Power    |       |       |     1 |     1 ||     2
       Reject Sacrifices |       |       |     1 |       ||     1
Evoke: Wand              |       |       |     8 |     3 ||    11
  Use: Scroll            |       |     7 |     5 |     2 ||    14
       Potion            |       |       |     1 |     1 ||     2
 Stab: Sleeping          |     3 |     2 |     4 |       ||     9
       Distracted        |       |       |     2 |     2 ||     4
       Invisible         |       |       |     2 |       ||     2
       Paralysed         |       |       |       |     1 ||     1
  Eat: Chunk             |     3 |    12 |    14 |     5 ||    34
       Ration            |       |       |     1 |     2 ||     3
Armor: Skin              |    32 |    20 |    54 |    10 ||   116
Dodge: Dodged            |    61 |    51 |   131 |    34 ||   277

Table legend:
 A = Non-vault XP
 B = Vault XP
 C = Vault XP percentage of total XP
 D = Non-vault monster count
 E = Vault monster count
 F = Vault count percentage of total count
                 A         B        C        D         E       F
            +---------+---------+-------+---------+---------+-------
      Total |    9575 |    2933 |  23.4 |     192 |      24 |  11.1
            +---------+---------+-------+---------+---------+-------
        D:1 |      61 |       0 |   0.0 |      29 |       0 |   0.0
        D:2 |     104 |      73 |  41.2 |      24 |       2 |   7.7
        D:3 |      74 |       0 |   0.0 |      18 |       0 |   0.0
        D:4 |     486 |       0 |   0.0 |      10 |       0 |   0.0
        D:5 |     401 |       5 |   1.2 |       9 |       1 |  10.0
        D:6 |     301 |       0 |   0.0 |      12 |       0 |   0.0
        D:7 |     940 |       0 |   0.0 |      27 |       0 |   0.0
        D:8 |    1740 |     588 |  25.3 |      39 |       7 |  15.2
     Lair:1 |    5468 |    2117 |  27.9 |      24 |       8 |  25.0
      Sewer |       0 |     150 | 100.0 |       0 |       6 | 100.0
            +---------+---------+-------+---------+---------+-------
